 Dungeon Crawl Stone Soup version 0.17.0-9-g801d43b (console) character file.

122 gw the Insei (level 4, 0/39 HPs)
             Began as a Deep Dwarf Transmuter on Nov 10, 2015.
             Slain by dualclasshuman's ghost (9 damage)
             ... on level 3 of the Dungeon.
             The game lasted 00:02:34 (1768 turns).

gw the Insei (Deep Dwarf Transmuter)                Turns: 1768, Time: 00:02:34

Health: 0/39       AC:  4    Str: 13    XL:     4   Next: 78%
Magic:  7/7        EV: 12    Int: 15    God:
Gold:   124        SH:  0    Dex: 13    Spells: 3 memorised, 0 levels left

rFire  . . .     SeeInvis .       - Unarmed
rCold  . . .     Clarity  .     g - +0 leather armour
rNeg   . . .     SustAt   .     (no shield)
rPois  .         Gourm    .     (no helmet)
rElec  .         Spirit   .     f - +0 cloak
rCorr  .         Warding  .     (no gloves)
rMut   .         Stasis   .     (no boots)
MR     .....                    (no amulet)
Stlth  +.........               (no ring)
                                (no ring)

@: appendage (expiring), non-regenerating, not resistant to hostile
enchantments, very unstealthy
A: damage resistance, recharge devices, horns 2, sense surroundings 1, slow
regeneration 3
a: Device Recharging, End Transformation


You were on level 3 of the Dungeon.
You were not hungry.
You had grown temporary horns.
You visited 1 branch of the dungeon, and saw 3 of its levels.

You collected 124 gold pieces.

Inventory:

Missiles
 a - 12 arrows
Armour
 f - a +0 cloak (worn)
 g - a +0 leather armour (worn)
Wands
 d - a wand of heal wounds (1)
Books
 c - a book of Changes

   Spells                             Type                      Level
   a - Beastly Appendage              Transmutation                1
   b - Sticks to Snakes               Transmutation                2
   c - Spider Form                    Transmutation/Poison         3
   d - Ice Form                       Ice/Transmutation            4
   e - Blade Hands                    Transmutation                5
Comestibles
 e - 2 bread rations


   Skills:
 + Level 1.8 Fighting
 + Level 1.8 Armour
 - Level 2.1 Dodging
 + Level 3.2 Unarmed Combat
 * Level 2.5 Spellcasting
 + Level 2.6 Transmutations


You couldn't memorise any spells.
You knew the following spells:

 Your Spells              Type           Power        Failure   Level  Hunger
a - Beastly Appendage     Trmt           #.....       12%         1    #......
b - Spider Form           Trmt/Pois      #.........   58%         3    ###....
c - Ice Form              Ice/Trmt       #.......     99%         4    #####..


Dungeon Overview and Level Annotations

Branches:
Dungeon (3/15)

Altars:
Dithmenos

Annotations:
D:3 dualclasshuman's ghost, amateur FoFi


Innate Abilities, Weirdness & Mutations

You are resistant to damage.
You can recharge devices by infusing magical energy.
You passively map a small area around you.
You do not regenerate naturally.
You have a pair of horns on your head.


Message History

Dualclasshuman's ghost hits you.
Unknown command.
Unknown command.
Unknown command.
Unknown command.
FLEEEEING!
ATTACKING (-1,-1)
You barely miss dualclasshuman's ghost.
Dualclasshuman's ghost is lightly damaged.
Dualclasshuman's ghost barely misses you.
Unknown command.
Unknown command.
Unknown command.
Unknown command.
FLEEEEING!
ATTACKING (-1,-1)
You hit dualclasshuman's ghost. You headbutt dualclasshuman's ghost.
Dualclasshuman's ghost is moderately damaged.
Dualclasshuman's ghost hits you!
You die...

#.########.#.#......####
,* # 8 ###'#.........# ,
8 8 #.<..........# , ,##
8 ,*
#............#######. 8
#....).########....#.
+......# #....#. *
#...#### #....## 8 ,
#..W###########....# 8 8
#...g.........'....## *
#....###########......
.......# #...... .......
####... *.......
##########... ......!*
#............ .......
#........)...
##############
#............
#...........#
####.......)..##


You could see dualclasshuman's ghost.

Table legend:
 A = Turns spent in this place as a percentage of turns spent in the entire game.
 B = Non-inter-level travel turns spent in this place as a percentage of non-inter-level travel turns spent in the entire game.
 C = Inter-level travel turns spent in this place as a percentage of turns spent in this place.
 D = Turns resting spent in this place as a percentage of non-inter-level travel turns spent in this place.
 E = Turns spent auto-exploring this place as a percentage of non-inter-level travel turns spent in this place.
 F = Non-inter-level travel turns spent in this place divided by the number of levels of this place that you've seen.
                   A       B       C       D       E      F
               +-------+-------+-------+-------+-------+----------------------
         Total | 100.0 | 100.0 |   0.3 |   1.2 |   1.9 | 1248.7
       Dungeon | 100.0 | 100.0 |   0.3 |   1.2 |   1.9 | 1248.7
               +-------+-------+-------+-------+-------+----------------------

Table legend:
 A = Kills in this place as a percentage of kills in entire the game.
 B = Kills by you in this place as a percentage of kills by you in the entire game.
 C = Kills by friends in this place as a percentage of kills by friends in the entire game.
 D = Other kills in this place as a percentage of other kills in the entire game.
 E = Experience gained in this place as a percentage of experience gained in the entire game.
 F = Experience gained in this place divided by the number of levels of this place that you have seen.
                   A       B       C       D       E      F
               +-------+-------+-------+-------+-------+----------------------
         Total | 100.0 | 100.0 |  -nan |  -nan | 100.0 |  58.3
       Dungeon | 100.0 | 100.0 |  -nan |  -nan | 100.0 |  58.3
               +-------+-------+-------+-------+-------+----------------------

Vanquished Creatures
  9 adders
  An ooze (D:2)
  4 giant geckos (D:3)
  3 giant cockroaches (D:3)
  3 goblins
  2 hobgoblins (D:3)
  6 jackals (D:2)
  A quokka (D:3)
  4 bats (D:3)
  A giant newt (D:1)
  4 kobolds
  A rat (D:3)
39 creatures vanquished.

Notes
Turn   | Place    | Note
--------------------------------------------------------------
     0 | D:1      | gw the Deep Dwarf Transmuter began the quest for the Orb.
     0 | D:1      | Reached XP level 1. HP: 16/16 MP: 3/3
    84 | D:1      | You fall through a shaft!
   101 | D:2      | Reached skill level 1 in Fighting
   150 | D:2      | Reached XP level 2. HP: 13/25 MP: 2/4
   192 | D:2      | Reached skill level 1 in Armour
   269 | D:2      | Reached XP level 3. HP: 24/31 MP: 4/6
   286 | D:2      | Learned a level 3 spell: Spider Form
   309 | D:2      | Reached skill level 3 in Unarmed Combat
   774 | D:3      | Reached XP level 4. HP: 11/38 MP: 4/7
  1027 | D:3      | Learned a level 4 spell: Ice Form
  1138 | D:3      | Found a shadowy altar of Dithmenos.
  1740 | D:3      | Noticed dualclasshuman's ghost (amateur FoFi)
  1768 | D:3      | Slain by dualclasshuman's ghost

Action                   |  1- 3 |  4- 6 || total
-------------------------+-------+-------++-------
Melee: Unarmed           |   121 |   136 ||   257
 Cast: Beastly Appendage |    17 |    22 ||    39
Evoke: Wand              |     1 |     3 ||     4
  Eat: Chunk             |       |     4 ||     4

Vault maps used:
D:1:      eino_arrival_tree_alley, serial_corexii_hall, corexii_hall_statues_t,
          corexii_hall_statues_deadend, minivault_23, minivault_11,
          tso_metal_star
D:3:      grunt_dithmenos_smoke, gup_sewer_entry_pipe, kennysheep_another_room,
          eino_tiny_chamber, nicolae_ru_the_path_less_chosen
